Map: Polka LE

Players

Moose

  • Race: Zerg Zerg
  • Spawn Location: 5:00

SpOOn

  • Race: Terran Terran
  • Spawn Location: 5:00

qqq - Winner!

  • Race: Zerg Zerg
  • Spawn Location: 11:00

Massa - Winner!

  • Race: Terran Terran
  • League: Platinum
  • Spawn Location: 11:00

VOD

Have the link to the VOD?

Description

Time

  • Played on: Oct. 4, 2020, 9:28 a.m.
  • Length: 4:33
Show
View Real Time Build Order
Export as new Build Order

Moose Zerg 

Build Orders: Hatch First 

Get SALT Encoding   

  12  0:00  Drone  
  13  0:12  Overlord  
  13  0:16  Drone  
  14  0:22  Extractor  
  14  0:23  Drone  
  15  0:31  Drone  
  16  0:36  Drone  
  17  1:00  Hatchery  
  17  1:01  Drone x2  
  18  1:13  Spawning Pool  
  18  1:15  Drone  
  18  1:18  Extractor  
  18  1:20  Drone  
  18  1:34  Drone  
  18  1:39  Drone  
  20  1:52  Overlord  
  20  1:59  Extractor  
  20  2:00  Queen  
  21  2:02  Drone  
  22  2:12  Drone  
  22  2:14  Drone  
  24  2:23  Drone  
  24  2:24  Drone  
  24  2:28  Metabolic Boost  
  26  2:30  Queen  
  26  2:34  Overlord  
  28  2:43  Drone  
  28  2:44  Drone  
  30  2:45  Drone  
  31  3:03  Drone x2  
  33  3:07  Lair  
  33  3:15  Drone  
  33  3:16  Drone x2  
  33  3:19  Drone  
  37  3:25  Queen  
  39  3:28  Drone x2  
  41  3:40  Drone  
  41  3:41  Drone x2  
  43  3:46  Overlord x3  
  44  3:49  Overlord x2  
  44  3:54  Hatchery  
  43  4:03  Drone  
  43  4:04  Drone x2  
  43  4:08  Extractor  
  45  4:10  Extractor  
Show
View Real Time Build Order
Export as new Build Order

SpOOn Terran 

Build Orders:  

Get SALT Encoding   

  12  0:00  SCV  
  13  0:14  SCV  
  14  0:22  Supply Depot  
  14  0:31  SCV  
  15  0:44  SCV  
  15  0:45  Barracks  
  15  0:48  Refinery  
  16  0:56  SCV  
  17  1:08  SCV  
  18  1:21  SCV  
  19  1:32  Refinery, Supply Depot  
  19  1:33  SCV  
  20  1:45  SCV  
  21  1:51  Factory  
  21  1:57  Orbital Command  
  21  1:59  Barracks Tech Lab  
  21  2:22  SCV  
  22  2:36  Starport, Factory Tech Lab  
  22  2:37  SCV  
  23  2:47  Command Center  
  23  2:49  SCV  
  24  3:01  SCV  
  25  3:07  Supply Depot  
  25  3:13  SCV  
  25  3:14  Starport Tech Lab, Fusion Core  
  25  3:19  Armory  
  26  3:28  SCV  
  27  3:38  Supply Depot  
  27  3:41  SCV  
  28  3:53  SCV  
  35  4:12  SCV  
Show
View Real Time Build Order
Export as new Build Order

qqq Zerg - Winner!

Build Orders: Hatch First 

Get SALT Encoding   

  12  0:00  Drone  
  13  0:10  Drone  
  14  0:42  Hatchery  
  13  0:52  Spawning Pool  
  12  1:01  Overlord  
  12  1:02  Drone  
  13  1:09  Drone  
  14  1:18  Extractor  
  14  1:19  Drone  
  14  1:26  Drone  
  15  1:33  Drone  
  16  1:45  Drone  
  16  1:47  Queen  
  19  1:58  Drone  
  19  1:59  Drone  
  21  2:03  Queen  
  23  2:16  Drone  
  23  2:20  Metabolic Boost  
  23  2:22  Zergling x2  
  25  2:23  Zergling x2  
  25  2:27  Zergling x2  
  27  2:30  Zergling x2  
  28  2:37  Overlord  
  28  2:53  Overlord  
  28  2:56  Drone x3  
  31  3:00  Zergling x2  
  31  3:03  Zergling x2  
  31  3:04  Zergling x2  
  34  3:07  Zergling x2  
  35  3:18  Zergling x2  
  36  3:20  Zergling x2  
  36  3:21  Zergling x2  
  36  3:22  Zergling x2  
  36  3:23  Drone  
  40  3:28  Overlord  
  40  3:34  Drone  
  40  3:36  Zergling x2  
  40  3:38  Zergling x2  
  43  3:45  Zergling x2  
  43  3:46  Drone  
  45  3:53  Zergling x2  
  46  3:56  Drone  
  46  4:02  Zergling x2  
Show
View Real Time Build Order
Export as new Build Order

Massa Terran - Winner!

Build Orders: Gas First Reaper Expand, Hellion Opening 

Get SALT Encoding   

  12  0:00  SCV  
  13  0:12  SCV  
  14  0:23  Supply Depot  
  14  0:24  SCV  
  15  0:32  Refinery  
  15  0:45  SCV, Barracks  
  17  0:57  SCV  
  17  1:09  SCV  
  18  1:21  SCV  
  19  1:32  Reaper  
  20  1:34  Orbital Command  
  20  1:44  Command Center  
  20  2:03  Factory  
  20  2:04  Marine  
  21  2:11  Supply Depot  
  21  2:13  SCV  
  22  2:26  SCV  
  22  2:27  Barracks Reactor  
  23  2:38  SCV  
  23  2:39  Barracks  
  23  2:42  Barracks  
  24  2:54  Supply Depot  
  24  3:08  Hellion x2  
  24  3:11  Marine  
  29  3:14  Orbital Command  
  29  3:15  SCV  
  30  3:26  Marine  
  31  3:29  Hellion x2, Marine  
  31  3:30  Marine  
  37  3:44  SCV x2, Marine  
  37  3:47  Marine  
  37  3:48  Marine  
  42  3:51  Hellion  
  44  3:56  SCV  
  44  3:58  Hellion  
  44  3:59  SCV  
  44  4:02  Marine  
  49  4:05  Marine x2  
  49  4:08  SCV  
  52  4:11  SCV  
Tags
 
Add a new tag
Caveats
  • Supply blocks, unpowered buildings, or Contaminate may cause inaccurate times.
  • Supply counts are checked every 10 seconds.